 Dungeon Crawl Stone Soup version 0.20.1-1-g8b1a95d (webtiles) character file.

26 vineage the Twirler (level 2, -1/22 HPs)
             Began as a Demonspawn Gladiator on Aug 10, 2017.
             Slain by a gnoll
             ... wielding a +0 flail
              (5 damage)
             ... on level 2 of the Dungeon.
             The game lasted 00:02:56 (1746 turns).

vineage the Twirler (Demonspawn Gladiator)          Turns: 1746, Time: 00:02:56

Health: -1/22      AC: 10    Str: 14    XL:     2   Next: 89%
Magic:  2/2        EV:  9    Int:  9    God:
Gold:   85         SH:  4    Dex: 14    Spells: 1/1 levels left

rFire    + . .     SeeInvis .   f - +0 broad axe
rCold    + . .     Gourm    .   (no shield)
rNeg     . . .     Faith    .   m - +0 chain mail
rPois    +         Spirit   .   c - +0 helmet
rElec    +         Reflect  .   (no cloak)
rCorr    +         Harm     .   (no gloves)
MR       .....                  g - +0 pair of boots
Stlth    ..........             (no amulet)
Regen    0.1/turn               l - +2 ring of evasion
MPRegen  0.1/turn               (no ring)

@: resistant
A: large bone plates 1
a: no special abilities


You were on level 2 of the Dungeon.
You were not hungry.

You visited 1 branch of the dungeon, and saw 2 of its levels.

You collected 85 gold pieces.

Inventory:

Hand Weapons
 a - a +0 quarterstaff
 f - a +0 broad axe (weapon)
 i - a +0 dagger of protection
 j - a +2 dagger of venom
Missiles
 d - 3 throwing nets (quivered)
Armour
 b - a +0 leather armour
 c - a +0 helmet (worn)
 g - a +0 pair of boots (worn)
 m - a +0 chain mail (worn)
Jewellery
 l - a +2 ring of evasion (left hand)
 q - a cursed -2 ring of slaying {unknown}
Scrolls
 h - a scroll of identify {unknown}
 k - a scroll of fear {unknown}
 n - 2 scrolls of remove curse
 p - a scroll of amnesia {unknown}
Comestibles
 o - 3 royal jellies


   Skills:
 + Level 2.0 Fighting
 + Level 3.1 Staves
 + Level 1.8 Throwing
 + Level 1.0 Armour
 + Level 2.9 Dodging
 + Level 0.2 Stealth


You had one spell level left.
You didn't know any spells.

Dungeon Overview and Level Annotations

Branches:
Dungeon (2/15)

Altars:


Innate Abilities, Weirdness & Mutations

You are partially covered in large bone plates. (SH +4)


Message History

You slash the gnoll!
The gnoll is heavily wounded.
You slash the gnoll!
The gnoll is almost dead.
The gnoll closely misses you.
You closely miss the gnoll.
The gnoll is almost dead.
The gnoll hits you but does no damage. The gnoll closely misses you.
Your chain mail prevents you from hitting the gnoll.
The gnoll is almost dead.
The gnoll hits you with a flail!
* * * LOW HITPOINT WARNING * * *
You are too injured to fight recklessly!
It was a potion of resistance.
You feel protected. The gnoll closely misses you.
As you read the scroll labeled YNKUER WATUAZA, it crumbles to dust.
You feel blessed for a moment.
It was a scroll of remove curse.
The gnoll hits you with a flail.
You die...

##....).........
#.####.....##### #.
##.###.# # # #..# #.#
# #..###.#
#......#### #
#.#..(...>#
...g#######
#.#....##.## #ggg@..#
#.####.##.#. #.####.#
#.........#.
####.###...†.....#. #
#...>..............
#.#.##.###...††....#.
#.#.##.# #.........#.
#......# ##.#....>.#.
###.#### #.#.##.####
##.#.#### #.#.##.# #


You could see 4 gnolls.

Vanquished Creatures
  A dart slug (D:1)
  A leopard gecko (D:2)
  A giant cockroach (D:1)
  3 goblins
  4 hobgoblins
  3 jackals (D:2)
  2 kobolds (D:1)
  3 frilled lizards
  3 rats (D:1)
21 creatures vanquished.

Vanquished Creatures (others)
  A leopard gecko (D:1)
  2 rats (D:1)
3 creatures vanquished.

Grand Total: 24 creatures vanquished

Notes
Turn   | Place    | Note
-------+----------+-------------------------------------------
     0 | D:1      | vineage the Demonspawn Gladiator began the quest for the Orb.
     0 | D:1      | Reached XP level 1. HP: 16/16 MP: 1/1
   759 | D:1      | Gained mutation: You are partially covered in large bone plates. (SH +4) [demonic ancestry]
   759 | D:1      | Reached XP level 2. HP: 19/22 MP: 2/2
  1209 | D:1      | Reached skill level 1 in Armour
  1493 | D:2      | Reached skill level 3 in Staves
  1746 | D:2      | Slain by a gnoll

Skill      XL: |  1  2 |
---------------+-------+-----
Armour         | 1 |  1.0
Staves         | 3 |  3.1
Fighting       | |  2.0
Throwing       | |  1.8
Dodging        | |  2.9
Stealth        | |  0.2

Action                   || total
-------------------------++-------
Melee: Quarterstaff      ||    34
       Broad axe         ||    29
       Dagger            ||    26
  Use: Scroll            ||     2
       Potion            ||     1
  Eat: Bread ration      ||     1
       Chunk             ||     1
Armor: Leather armour    ||    10
       Chain mail        ||    40
Dodge: Dodged            ||    50
Block: Other             ||    16
